 Dungeon Crawl Stone Soup version 0.26.0-15-gc6cd9f700b (webtiles) character file.

Game seed: 16318102935908704383

23 EnegeticOcto the Stinger (level 2, 0/20 HPs)
             Began as a Gnoll Venom Mage on Jan 16, 2021.
             Slain by a hound (3 damage)
             ... on level 3 of the Dungeon.
             The game lasted 00:02:09 (282 turns).

EnegeticOcto the Stinger (Gnoll Venom Mage)          Turns: 282, Time: 00:02:10

Health: 0/20       AC:  2    Str: 10    XL:     2   Next: 95%
Magic:  2/7        EV: 18    Int: 17    God:
Gold:   66         SH:  0    Dex: 15    Spells: 7/10 levels left

rFire    . . .     SeeInvis .   d - +1 whip (elec)
rCold    . . .     Faith    .   (no shield)
rNeg     . . .     Spirit   .   a - +0 robe
rPois    .         Reflect  .   (no helmet)
rElec    .         Harm     .   (no cloak)
rCorr    .         Rampage  .   (no gloves)
Will     .....                  (no boots)
Stlth    +++.......             (no amulet)
HPRegen  0.06/turn              c - +4 ring of evasion
MPRegen  0.10/turn              (no ring)

@: no status effects
A: distributed training, fangs 1, strong nose
a: no special abilities


You were on level 3 of the Dungeon.
You visited 1 branch of the dungeon, and saw 3 of its levels.

You collected 66 gold pieces.

Inventory:

Hand Weapons
 d - a +1 whip of electrocution (weapon)
   (You found it on level 1 of the Dungeon)
 e - a +1 dagger of speed
   (You found it on level 2 of the Dungeon)
Armour
 a - a +0 robe (worn)
 g - a +0 buckler
   (You found it on level 2 of the Dungeon)
Jewellery
 c - a +4 ring of evasion (left hand)
   (You found it on level 1 of the Dungeon)
Scrolls
 f - a scroll of enchant weapon {unknown}
Potions
 b - 2 potions of flight
 h - 2 potions of might {@q3 !q}


   Skills:
 + Level 0.5 Fighting
 + Level 0.5 Short Blades
 + Level 0.5 Long Blades
 + Level 0.5 Axes
 + Level 0.5 Maces & Flails
 + Level 0.5 Polearms
 + Level 0.5 Staves
 + Level 0.5 Slings
 + Level 0.5 Bows
 + Level 0.5 Crossbows
 + Level 0.5 Throwing
 + Level 0.5 Armour
 + Level 4.5 Dodging
 + Level 4.1 Stealth
 + Level 0.5 Shields
 + Level 0.5 Unarmed Combat
 + Level 4.9 Spellcasting
 + Level 0.4 Conjurations
 + Level 0.4 Hexes
 + Level 0.4 Summonings
 + Level 0.4 Necromancy
 + Level 0.4 Translocations
 + Level 2.0 Transmutations
 + Level 0.4 Fire Magic
 + Level 0.4 Ice Magic
 + Level 0.4 Air Magic
 + Level 0.4 Earth Magic
 + Level 5.4 Poison Magic
 + Level 0.7 Invocations
 + Level 0.5 Evocations


You had 7 spell levels left.
You knew the following spells:

 Your Spells              Type           Power        Failure   Level
a - Sting                 Tmut/Pois      64%          3%          1
b - Poisonous Vapours     Pois/Air       28%          7%          2

Your spell library contained the following spells:

 Spells                   Type           Power        Failure   Level
 Ignite Poison            Fire/Tmut/Pois 13%          14%         3
 Olgreb's Toxic Radiance  Pois           22%          16%         4
 Mephitic Cloud           Conj/Pois/Air  11%          19%         3


Dungeon Overview and Level Annotations

Branches:
Dungeon (3/15)

Altars:


Innate Abilities, Weirdness & Mutations

Your experience applies equally to all skills.
You have very sharp teeth.
Your uncanny sense of smell can sniff out nearby items.


Message History

Found a large filigree amulet.
You now have 66 gold pieces (gained 17).
h - a large filigree amulet You start putting on your amulet.
You continue putting on your large filigree amulet. x5
You finish putting on your uncursed amulet of guardian spirit.
You feel your power drawn to a protective spirit.
h - an amulet of guardian spirit (around neck)
You open the door.
Drop what? 8/52 slots (_ for help) (? for menu, Esc to quit)
You start removing your amulet.
You continue taking off your amulet of guardian spirit. x4
You finish taking off your amulet of guardian spirit.
You drop an uncursed amulet of guardian spirit.
There is an open door here.
You open the door.
Found 2 ruby potions.
A frilled lizard comes into view.
Found a scroll of identify.
There is an open door here.
Autopickup is now off.
You see here a scroll of identify {@r1}.
Okay, then.
h - a scroll of identify {@r1}
Found 14 arrows.
You see here 2 ruby potions.
As you read the scroll of identify {@r1}, it crumbles to dust. 2 potions of might
h - 2 potions of might {@q3 !q} A dart slug comes into view.
Casting: Sting (safe; 3% risk of failure)
Confirm with . or Enter, or press ? or * to list all spells.
Aiming: Poisonous Vapours (safe; 7% risk of failure)
Press: ? - help, Dir - move target, f - dart slug
Aim: a dart slug (asleep) Poisonous vapours surround the dart slug!
The dart slug is engulfed in poison gas.
The dart slug is poisoned.
You kill the dart slug!
The frilled lizard hisses angrily.
You barely miss the frilled lizard. The frilled lizard barely misses you.
You closely miss the frilled lizard. The frilled lizard closely misses you.
You closely miss the frilled lizard.
The frilled lizard completely misses you.
You miss the frilled lizard. The frilled lizard misses you.
You hit the frilled lizard.
Lightning courses through the frilled lizard!
You kill the frilled lizard!
No target in view!
You open the door.
Found a hand axe.
There is an open door here.
You open the door.
A hound comes into view.
There is an open door here.
Casting: Poisonous Vapours (safe; 7% risk of failure)
Confirm with . or Enter, or press ? or * to list all spells.
Aiming: Poisonous Vapours (safe; 7% risk of failure)
Press: ? - help, Dir - move target, f - hound
Aim: a hound (asleep) Poisonous vapours surround the hound!
The hound barks!
You hear a shout!
The hound is engulfed in poison gas.
The hound is poisoned.
Casting: Poisonous Vapours (safe; 7% risk of failure)
Confirm with . or Enter, or press ? or * to list all spells.
Aiming: Poisonous Vapours (safe; 7% risk of failure)
Press: ? - help, Dir - move target, f/p - hound
Aim: a hound (lightly wounded, poisoned) Poisonous vapours surround the hound!
The hound is engulfed in poison gas.
The hound looks even sicker.
The hound closely misses you.
You closely miss the hound.
The hound is heavily wounded.
The hound bites you.
You barely miss the hound.
The hound is heavily wounded.
The hound closely misses you.
A kobold comes into view.
The hound barely misses you.
You closely miss the hound. Your bite misses the hound.
The hound is severely wounded.
The hound closely misses you. The hound bites you.
You are too injured to fight recklessly!
You barely miss the hound.
The hound is severely wounded.
The hound bites you.
Casting: Poisonous Vapours (safe; 7% risk of failure)
Confirm with . or Enter, or press ? or * to list all spells.
Aiming: Poisonous Vapours (safe; 7% risk of failure)
Press: ? - help, Dir - move target, f/p - hound
Aim: a hound (severely wounded, poisoned) Poisonous vapours surround the hound!
The hound looks even sicker.
The hound bites you.
* * * LOW HITPOINT WARNING * * *
The hound is engulfed in poison gas.
The hound looks even sicker.
The hound completely misses you.
There is an open door here.
The hound closely misses you. The hound bites you.
You die...

∆ ..... .#.#.# ..#.#
##.#.# ..#.#+#+#####
#............
+............#
##..#####............#
#......K'h@..(.......#
#...#####............#
# #............# ∆
#............#
+............#
#............#
#............#
#............#
#.....†......#


You could see a hound (very poisoned) and a kobold.

Vanquished Creatures
  3 dart slugs
  2 leopard geckos
  2 goblins
  3 hobgoblins
  A frilled lizard (D:3)
  A kobold (D:2)
  3 rats (D:1)
15 creatures vanquished.

Notes
Turn   | Place    | Note
-------+----------+-------------------------------------------
     0 | D:1      | EnegeticOcto the Gnoll Venom Mage began the quest for the
                  | Orb.
     0 | D:1      | Reached XP level 1. HP: 13/13 MP: 6/6
    54 | D:1      | Reached skill level 2 in Transmutations
    62 | D:1      | Reached XP level 2. HP: 19/19 MP: 0/7
    76 | D:1      | Learned a level 2 spell: Poisonous Vapours
   282 | D:3      | Slain by a hound

Illustrated notes

Levels and vault maps discovered:
D:1:      dpeg_arrival_prison, layout_basic
D:2:      layout_rooms, minmay_heptomino_l4
D:3:      layout_basic, good_gods_mini_temple, uniq_ijyb

Skill      XL: |  1 |
---------------+----+-----
Transmutations | 2 |  2.0
Fighting       | |  0.5
Short Blades   | |  0.5
Long Blades    | |  0.5
Axes           | |  0.5
Maces & Flails | |  0.5
Polearms       | |  0.5
Staves         | |  0.5
Slings         | |  0.5
Bows           | |  0.5
Crossbows      | |  0.5
Throwing       | |  0.5
Armour         | |  0.5
Dodging        | |  4.5
Stealth        | |  4.1
Shields        | |  0.5
Unarmed Combat | |  0.5
Spellcasting   | |  4.9
Conjurations   | |  0.4
Hexes          | |  0.4
Summonings     | |  0.4
Necromancy     | |  0.4
Translocations | |  0.4
Fire Magic     | |  0.4
Ice Magic      | |  0.4
Air Magic      | |  0.4
Earth Magic    | |  0.4
Poison Magic   | |  5.4
Invocations    | |  0.7
Evocations     | |  0.5

Action                   || total
-------------------------++-------
Melee: Whip              ||    11
       Unarmed           ||     2
 Cast: Sting             ||    19
       Poisonous Vapours ||     5
  Use: Scroll            ||     2
Dodge: Dodged            ||    19
